 Dungeon Crawl Stone Soup version 0.31.0-32-g396128a36d (webtiles) character file.

Game seed: 31464980140954817

67 boopmooplesden the Covered (level 3, -1/27 HPs)
             Began as an Armataur Fighter on Mar 22, 2024.
             Succumbed to a scorpion's poison
             ... on level 4 of the Dungeon.
             The game lasted 00:03:18 (2031 turns).

boopmooplesden the Covered (Armataur Fighter)       Turns: 2031, Time: 00:03:18

Health: -1/27      AC: 16    Str: 25    XL:     3   Next: 98%
Magic:  3/3        EV:  4    Int:  7    God:
Gold:   203        SH:  4    Dex: 10    Spells: 2/2 levels left

rFire   . . .        a - +0 long sword
rCold   . . .        c - +0 buckler
rNeg    . . .        l - +0 chain mail
rPois   .            j - +0 helmet
rElec   .            (no cloak)
rCorr   .            u - +0 pair of gloves
SInv    .            h - +1 barding
Will    .....        (no amulet) Stlth
                     (no ring)
HPRegen 0.24/turn    (no ring)
MPRegen 0.74/turn

%: roll
@: mighty, lethally poisoned (-1 -> -18), attractive
A: large, deformed body, tough skin 3, armoured tail, roll 1, frail 1, strong 1
a: no special abilities


You were on level 4 of the Dungeon.
You visited 1 branch of the dungeon, and saw 4 of its levels.

You collected 203 gold pieces.

Inventory:

Hand Weapons
 a - a +0 long sword (weapon)
Missiles
 q - 4 javelins (quivered)
Armour
 c - a +0 buckler (worn)
 f - the +1 leather armour of Fynec {-Cast rElec rF+++ rCorr}
   (You found it on level 4 of the Dungeon)

   rF+++:     It renders you almost immune to fire.
   rElec:     It insulates you from electricity.
   -Cast:     It prevents spellcasting.
   rCorr:     It protects you from acid and corrosion.
 h - a +1 barding (worn)
 j - a +0 helmet (worn)
 l - a +0 chain mail (worn)
 u - a +0 pair of gloves (worn)
Talismans
 g - a blade talisman
Wands
 b - a wand of flame (18)
 t - a wand of iceblast (11)
Scrolls
 n - 3 scrolls of blinking
 s - 2 scrolls of vulnerability
Potions
 d - 2 potions of might
 e - a potion of enlightenment
 i - a potion of lignification
 p - a potion of berserk rage


   Skills:
 + Level 3.0 Fighting
 + Level 2.7 Long Blades
 + Level 4.1 Armour
 + Level 0.7 Dodging
 + Level 3.6 Shields


You had 2 spell levels left.
You didn't know any spells.
Your spell library contained the following spells:

 Spells                   Type           Power      Damage    Failure   Level
 Malign Gateway           Summ/Tloc      0%         N/A       100%        7
 Summon Horrible Things   Summ           0%         N/A       100%        8


Dungeon Overview and Level Annotations

Branches:
Dungeon (4/15)
 Temple: D:4-7

Altars:
Fedhas
Makhleb


Innate Abilities, Weirdness & Mutations

Armour fits poorly on your strangely shaped body.
You have extremely tough skin. (AC +3)
You have a long armoured tail.
You regenerate magic when rolling toward enemies. (Rampage MPRegen)
You are frail. (-10% HP)
Your muscles are strong. (Str +4, Int/Dex -1)


Message History

A scorpion comes into view.
There are monsters nearby!
There are monsters nearby!
You roll towards the kobold!
You roll towards the kobold!
The kobold hits you but does no damage.
The scorpion stings you but does no damage.
The scorpion attacks as it pursues you! The scorpion stings you.
You are poisoned.
The scorpion poisons you!
You feel very sick.
You feel sick. The kobold attacks as it pursues you!
The kobold hits you but does no damage.
You are more poisoned.
There is an open door here.
You feel very sick.
You barely miss the scorpion.
You feel very sick. The scorpion stings you.
You are lethally poisoned!
The scorpion poisons you!
The scorpion stings you but does no damage.
You feel very mighty all of a sudden.
You feel very sick. The scorpion barely misses you.
You slash the scorpion!
The scorpion is heavily wounded.
You feel very sick. The scorpion stings you.
* * * LOW HITPOINT WARNING * * *
You are more poisoned.
The scorpion poisons you!
It was a potion of mutation.
You feel extremely strange.
You feel frail.
You feel stronger.
* * * LOW HITPOINT WARNING * * *
You feel very sick.
The scorpion stings you but does no damage. x2
Okay, then.
It was a potion of attraction.
You feel attractive to monsters.
You die...

#.................
#.................
#.................
#.....####.####.##
#.....####+####.#
#.....#.........#
#.....'..)......#
#.....#.........#
#.....#.@.......#
#....###s#..#<.##
######..K..## ##
+.....# #.....#
#.....# #.....#
#.....# ###....


You could see a scorpion and a kobold.

Vanquished Creatures
  An adder (D:2)
  A ribbon worm (D:2)
  3 dart slugs
  6 endoplasms
  8 goblins
  3 hobgoblins
  A quokka (D:4)
  7 ball pythons
  6 bats
  2 frilled lizards
  3 kobolds
  6 rats
47 creatures vanquished.

Notes
Turn   | Place    | Note
-------+----------+-------------------------------------------
     0 | D:1      | boopmooplesden the Armataur Fighter began the quest for the
                  | Orb.
     0 | D:1      | Reached XP level 1. HP: 18/18 MP: 1/1
   291 | D:1      | Reached XP level 2. HP: 24/25 MP: 2/2
   817 | D:2      | Reached XP level 3. HP: 31/31 MP: 3/3
  1113 | D:2      | Reached skill level 4 in Armour
  1638 | D:3      | Found a burning altar of Makhleb.
  1725 | D:3      | Found a blossoming altar of Fedhas.
  1977 | D:4      | Identified the +1 leather armour of Fynec {-Cast rElec
                  | rF+++ rCorr}
  2020 | D:4      | Noticed a scorpion
  2030 | D:4      | Gained mutation: You are frail. (-10% HP) [potion of
                  | mutation]
  2030 | D:4      | Gained mutation: Your muscles are strong. (Str +4, Int/Dex
                  | -1) [potion of mutation]
  2031 | D:4      | Succumbed to a scorpion's poison

Illustrated notes

Levels and vault maps discovered:
D:1:      heliophobic_arrival_enchanted_forest, layout_basic,
          chequers_serial_rivers_room_a, st_stairs_12, minmay_heptomino_h4
D:2:      layout_loops_ring, hangedman_decor_lopped
D:3:      layout_basic, mainiacjoe_overflow_alcove_1,
          mainiacjoe_overflow_small_starburst, serial_aquarium,
          aquarium_bridge_island_small [aquarium_subvault_small_water,
          aquarium_subvault_bridge, aquarium_subvault_bridge,
          aquarium_subvault_wall, aquarium_subvault_window],
          aquarium_bridge_long_separate [aquarium_subvault_bridge,
          aquarium_subvault_bridge, aquarium_subvault_wall,
          aquarium_subvault_bridge, aquarium_subvault_bridge,
          aquarium_subvault_balcony], aquarium_window_fake,
          aquarium_window_fake, aquarium_window_fake, aquarium_window_fake,
          aquarium_view_2b, aquarium_view_2e, aquarium_balcony_3b
D:4:      layout_gridville, st_stairs_3, uniq_crazy_yiuf_cottage

Skill      XL: |  1  2  3 |
---------------+----------+-----
Long Blades    | 2 |  2.7
Fighting       | 3 |  3.0
Armour         | 4 |  4.1
Dodging        | |  0.7
Shields        | |  3.6

Action                     || total
---------------------------++-------
  Melee: Long sword        ||   124
         Tailslap          ||    15
    Use: Scroll            ||     8
         Potion            ||     3
 Armour: Scale mail        ||    34
         Chain mail        ||    96
  Dodge: Dodged            ||    29
  Block: Buckler           ||    25
